 Dungeon Crawl Stone Soup version 0.29-a0-582-ge82337ba6a (webtiles) character file.

Game seed: 12281581876359645269

10 kae the Firebug (level 2, 0/15 HPs)
             Began as a Deep Elf Fire Elementalist on June 14, 2022.
             Slain by a jackal (1 damage)
             ... on level 1 of the Dungeon.
             The game lasted 00:00:24 (544 turns).

kae the Firebug (Deep Elf Fire Elementalist)         Turns: 544, Time: 00:00:24

Health: 0/15       AC:  2    Str:  4 (5)  XL:     2   Next: 10%
Magic:  8/8        EV: 12    Int: 18 (19) God:
Gold:   21         SH:  0    Dex: 12 (15) Spells: 6/7 levels left

rFire   . . .      SeeInvis .   c - +0 whip
rCold   . . .      Faith    .   (no shield)
rNeg    . . .      Spirit   .   a - +0 robe
rPois   .          Reflect  .   (no helmet)
rElec   .          Harm     .   (no cloak)
rCorr   .          Rampage  .   (no gloves)
Will    .....                   (no boots)
Stlth   ++........              (no amulet)
HPRegen 0.05/turn               (no ring)
MPRegen 0.11/turn               (no ring)

@: no status effects
A: no striking features
a: no special abilities


You were on level 1 of the Dungeon.
You visited 1 branch of the dungeon, and saw 1 of its levels.

You collected 21 gold pieces.

Inventory:

Hand Weapons
 c - a +0 whip (weapon)
Armour
 a - a +0 robe (worn)
Jewellery
 g - a +6 ring of dexterity
Scrolls
 f - a scroll of identify {unknown}


   Skills:
 + Level 0.2 Fighting
 + Level 2.6 Dodging
 - Level 2.4 Stealth
 + Level 3.1 Spellcasting
 * Level 1.6 Conjurations
 * Level 3.5 Fire Magic


You had 6 spell levels left.
You knew the following spells:

 Your Spells              Type           Power      Damage    Failure   Level
a - Foxfire               Conj/Fire      48%        2x1d6     5%          1

Your spell library contained the following spells:

 Spells                   Type           Power      Damage    Failure   Level
 Scorch                   Fire           30%        2d7       6%          2
 Conjure Flame            Conj/Fire      12%        6-21      17%         3
 Inner Flame              Hex/Fire       9%         N/A       24%         3
 Flame Wave               Conj/Fire      12%        2d6       50%         4


Dungeon Overview and Level Annotations

Branches:
Dungeon (1/15)

Altars:


Message History

The jackal closely misses you. The goblin attacks as you move away!
The goblin barely misses you. The jackal barely misses you.
The jackal attacks as you move away! The jackal barely misses you.
An endoplasm comes into view.
The jackal misses you. x2
The jackal bites you but does no damage.
The jackal attacks as you move away!
The jackal bites you but does no damage.
It was a potion of degeneration.
There was something very wrong with that liquid.
You feel weakened.
You feel dopey.
You feel clumsy. The jackal bites you. The jackal barely misses you.
The jackal attacks as you move away!
The jackal bites you but does no damage.
The jackal misses you. The jackal closely misses you.
The jackal attacks as you move away! The jackal bites you.
The jackal attacks as you move away! The jackal barely misses you.
The jackal attacks as you move away!
The jackal bites you but does no damage.
The jackal closely misses you. The jackal misses you.
The jackal attacks as you move away! The jackal bites you.
The jackal bites you but does no damage.
The jackal attacks as you move away! The jackal bites you.
The jackal attacks as you move away! The jackal misses you.
The jackal closely misses you.
You completely miss the jackal.
The jackal is heavily wounded.
The jackal bites you.
* * * LOW HITPOINT WARNING * * *
You hit the jackal but do no damage.
The jackal is heavily wounded.
The jackal bites you.
* * * LOW HITPOINT WARNING * * *
The jackal closely misses you.
You barely miss the jackal.
The jackal is heavily wounded.
The jackal barely misses you. Magic courses through your body.
The jackal bites you.
You die...

#.##.....#####.......#
#.##.###.#...#.###..##
#.##.###.#.#.#.####.#
#......#...#...#....##
###.##.##########.....
###.##.# ######
#......# #.#g#########
#.ghh@.......
#J.########## #..#
######g.# ....†...g#
### ######...########
#.. #.............
#..## #.#...########
#. #.#...######## #.


You could see an endoplasm, 2 jackals and 2 goblins.

Vanquished Creatures
  2 ball pythons (D:1)
  A giant cockroach (D:1)
  A goblin (D:1)
  A hobgoblin (D:1)
  A jackal (D:1)
  A kobold (D:1)
  2 rats (D:1)
9 creatures vanquished.

Vanquished Creatures (others)
  30 foxfires (D:1)
30 creatures vanquished.

Grand Total: 39 creatures vanquished

Notes
Turn   | Place    | Note
-------+----------+-------------------------------------------
     0 | D:1      | kae the Deep Elf Fire Elementalist began the quest for the
                  | Orb.
     0 | D:1      | Reached XP level 1. HP: 10/10 MP: 6/6
   444 | D:1      | Reached XP level 2. HP: 15/15 MP: 4/8
   544 | D:1      | Slain by a jackal

Illustrated notes

Levels and vault maps discovered:
D:1:      dpeg_arrival_yet_another_circle, layout_loops_ring,
          chequers_mini_garden, minmay_misc_feat_cross,
          minmay_stone_trees_small, bh_walls_and_bars

Action                   || total
-------------------------++-------
Melee: Whip              ||     3
 Cast: Foxfire           ||    19
  Use: Potion            ||     3
Armor: Robe              ||    12
Dodge: Dodged            ||    28

Table legend: (Time is in decaauts)
 A = Elapsed time spent in this place.
 B = Non-inter-level travel time spent in this place.
 C = Inter-level travel time spent in this place.
 D = Time resting spent in this place.
 E = Time spent auto-exploring this place.
 F = Levels seen in this place.
 G = Mean time per level.
                   A        B        C        D        E       F      G
               +--------+--------+--------+--------+--------+-----+--------+
         Total |    543 |    543 |      0 |      0 |    466 |   1 |  543.0 |
       Dungeon |    543 |    543 |      0 |      0 |    466 |   1 |  543.0 |
               +--------+--------+--------+--------+--------+-----+--------+

Top non-repeatable levels by time:
     D:1: 543 daAuts
